 Dungeon Crawl Stone Soup version 0.20-a0-2-g2b0e13a (webtiles) character file.

69 Jorund the Chopper (level 4, 0/33 HPs)
             Began as a Demonspawn Gladiator on Oct 28, 2016.
             Succumbed to an adder's poison
             ... on level 2 of the Dungeon.
             The game lasted 00:01:36 (1029 turns).

Jorund the Chopper (Demonspawn Gladiator)           Turns: 1029, Time: 00:01:37

Health: 0/33       AC:  5    Str: 17    XL:     4   Next: 2%
Magic:  4/4        EV: 12    Int:  9    God:
Gold:   80         SH:  0    Dex: 13    Spells: 0 memorised, 3 levels left

rFire  . . .     SeeInvis .     a - +0 war axe
rCold  . . .     Gourm    .     b - +0 leather armour
rNeg   . . .     Faith    .     (no shield)
rPois  .         Spirit   .     c - +0 helmet
rElec  .         Reflect  .     (no cloak)
rCorr  .         Harm     .     (no gloves)
MR     .....                    (no boots)
Stlth  +.........               (no amulet)
                                (no ring)
                                (no ring)

@: lethally poisoned (0 -> -1), flying
A: hooves 1, rugged brown scales 1
a: no special abilities


You were on level 2 of the Dungeon.
You were hungry.

You visited 1 branch of the dungeon, and saw 2 of its levels.

You collected 80 gold pieces.

Inventory:

Hand Weapons
 a - a +0 war axe (weapon)
Missiles
 d - 2 throwing nets (quivered)
Armour
 b - a +0 leather armour (worn)
 c - a +0 helmet (worn)
Scrolls
 e - a scroll of fog {unknown}
 g - 2 scrolls of remove curse {unknown}
 i - a scroll of magic mapping {unknown}
 k - 2 scrolls of identify {unknown}
Comestibles
 f - a bread ration
 j - a royal jelly


   Skills:
 - Level 2.0 Fighting
 + Level 4.2 Axes
 - Level 1.7 Throwing
 + Level 1.0 Armour
 - Level 2.6 Dodging


You had 3 spell levels left.
You didn't know any spells.

Dungeon Overview and Level Annotations

Branches:
Dungeon (2/15)

Altars:


Innate Abilities, Weirdness & Mutations

You have large cloven feet.
You are partially covered in rugged brown scales. (AC +1, +3% HP)


Message History

Natasha is heavily wounded.
* * * LOW HITPOINT WARNING * * *
You feel sick.
Natasha casts a spell.
Natasha barely misses you.
Unknown command.
You aren't carrying any potions.
Unknown command.
You slash Natasha!
You kill Natasha!
Natasha screams in fury as she dies!
The white imp disappears in a puff of smoke!
The crimson imp disappears in a puff of smoke!
Your Axes skill increases to level 4!
Your Armour skill increases to level 1!
You have reached level 4!
You feel stronger.
* * * LOW HITPOINT WARNING * * *
You feel sick.
Unknown command.
You die...

........# #.....#
........#########.....#
......................#
......................#
....#.................#
....+.................#
....#..............†..#
....#†................#
.....†..........@####...#
.....†..########## #..#
.###....# ..# .# #....#
... .# #....# .. .#
#....# # #....# ######


There were no monsters in sight!

Vanquished Creatures
  Natasha (D:2)
  An adder (D:2)
  A dart slug (D:1)
  2 leopard geckos (D:1)
  2 giant cockroaches
  A goblin (D:2)
  3 hobgoblins (D:1)
  4 jackals (D:2)
  A ball python (D:2)
  4 bats
  2 frilled lizards
  6 kobolds
  3 rats (D:1)
31 creatures vanquished.

Notes
Turn   | Place    | Note
-------+----------+-------------------------------------------
     0 | D:1      | Jorund the Demonspawn Gladiator began the quest for the Orb.
     0 | D:1      | Reached XP level 1. HP: 16/16 MP: 1/1
   112 | D:1      | Reached skill level 3 in Axes
   212 | D:1      | Gained mutation: You have large cloven feet. [demonic ancestry]
   212 | D:1      | Reached XP level 2. HP: 22/22 MP: 2/2
   958 | D:2      | Gained mutation: You are partially covered in rugged brown scales. (AC +1, +3% HP) [demonic ancestry]
   958 | D:2      | Reached XP level 3. HP: 20/27 MP: 3/3
  1005 | D:2      | Noticed Natasha
  1021 | D:2      | HP: 1/27 [poisoned by an adder]
  1022 | D:2      | Killed Natasha
  1022 | D:2      | Reached skill level 4 in Axes
  1022 | D:2      | Reached skill level 1 in Armour
  1022 | D:2      | Reached XP level 4. HP: 2/33 MP: 4/4
  1029 | D:2      | Succumbed to an adder's poison

Vault maps used:
D:1:      dpeg_arrival_signposts
D:2:      kennysheep_goblin_castle, tso_oasis_becter, first_bread,
          uniq_crazy_yiuf_cottage, uniq_natasha

Skill      XL: |  1  2  3 |
---------------+----------+-----
Axes           | 3 4 |  4.2
Armour         | 1 |  1.0
Fighting       | |  2.0
Throwing       | |  1.7
Dodging        | |  2.6

Action                   |  1- 3 |  4- 6 || total
-------------------------+-------+-------++-------
Melee: War axe           |    93 |       ||    93
       Kick              |     9 |       ||     9
Throw: Throwing net      |     1 |       ||     1
  Use: Potion            |     3 |       ||     3
Armor: Leather armour    |    40 |       ||    40
Dodge: Dodged            |    84 |       ||    84
